 Dungeon Crawl Stone Soup version 0.31-a0-246-g8cbcc1cb85 (webtiles) character file.

Game seed: 13049881593248402867

4 cursedaero the Stinger (level 1, -1/14 HPs)
             Began as a Draconian Venom Mage on July 13, 2023.
             Slain by a ball python (2 damage)
             ... on level 2 of the Dungeon.
             The game lasted 00:06:53 (614 turns).

cursedaero the Stinger (Draconian Venom Mage)        Turns: 614, Time: 00:06:53

Health: -1/14      AC:  4    Str: 10    XL:     1   Next: 50%
Magic:  3/3        EV:  9    Int: 15    God:
Gold:   28         SH:  0    Dex: 11    Spells: 3/4 levels left

rFire   . . .        d - +0 club
rCold   . . .        (no shield)
rNeg    . . .        (body armour unavailable)
rPois   .            (helmet restricted)
rElec   .            (no cloak)
rCorr   .            (no gloves)
SInv    .            (no boots)
Will    .....        (no amulet)
Stlth   ++           (no ring)
HPRegen 0.22/turn    (no ring)
MPRegen 0.08/turn

%: no passive effects
@: constricted
A: AC +4, unfitting armour, cold-blooded
a: no special abilities


You were on level 2 of the Dungeon.
You visited 1 branch of the dungeon, and saw 2 of its levels.

You collected 28 gold pieces.

Inventory:

Hand Weapons
 d - a +0 club (weapon)
Armour
 e - a +0 ring mail
Scrolls
 c - a scroll of amnesia {unknown}
 f - a scroll of noise {unknown}
 g - a scroll of blinking {unknown}
Potions
 a - a potion of magic
 b - a potion of cancellation {unknown}


   Skills:
 + Level 2.0 Dodging
 + Level 1.7 Stealth
 + Level 2.0 Spellcasting
 + Level 1.0 Transmutations
 + Level 3.1 Poison Magic


You had 3 spell levels left.
You knew the following spells:

 Your Spells              Type           Power      Damage    Failure   Level
a - Sting                 Tmut/Pois      28%        1d4       10%         1

Your spell library contained the following spells:

 Spells                   Type           Power      Damage    Failure   Level
 Poisonous Vapours        Pois/Air       12%        N/A       19%         2
 Static Discharge         Conj/Air       2%         2-3/arc   32%         2
 Mephitic Cloud           Conj/Pois/Air  4%         N/A       41%         3
 Olgreb's Toxic Radiance  Pois           10%        N/A       52%         4
 Agony                    Necr           1%         N/A       99%         5
 Plasma Beam              Fire/Air       0%         2x1d10    100%        6


Dungeon Overview and Level Annotations

Branches:
Dungeon (2/15)

Altars:


Innate Abilities, Weirdness & Mutations

Your plain brown scales are hard. (AC +4)
You cannot fit into any form of body armour.
You are cold-blooded and may be slowed by cold attacks.


Message History

What are your orders? t - Shout!
Orders for allies: a - Attack new target. r - Retreat! s - Stop attacking. g - Guard the area. f - Follow me.
Anything else - Cancel.
Okay, then.
Okay, then.
The frilled lizard barely misses you.
You can't wear that!
You hit the frilled lizard but do no damage.
The frilled lizard barely misses you. The ball python misses you.
The ball python completely misses you.
You barely miss the frilled lizard.
The ball python bites you but does no damage.
The ball python grabs you. The ball python constricts you.
The frilled lizard completely misses you.
The ball python barely misses you. The ball python constricts you.
The frilled lizard barely misses you.
You closely miss the frilled lizard. The ball python bites you.
The ball python constricts you. The frilled lizard bites you.
You hit the frilled lizard but do no damage.
The ball python bites you but does no damage.
The ball python constricts you. The frilled lizard barely misses you.
The ball python barely misses you. The ball python constricts you.
You closely miss the frilled lizard. The frilled lizard bites you.
The ball python barely misses you. The ball python constricts you.
The frilled lizard bites you but does no damage.
You hit the frilled lizard.
You kill the frilled lizard!
The ball python bites you. The ball python constricts you.
The ball python bites you. The ball python constricts you.
You hit the ball python but do no damage.
The ball python bites you but does no damage.
The ball python constricts you. The ball python bites you.
* * * LOW HITPOINT WARNING * * *
The ball python constricts you.
* * * LOW HITPOINT WARNING * * *
You hit the worm but do no damage. The ball python bites you.
You die...

.#.......##...#.##
..........##.....#
..รท.##......#.#..#####
....#####.............#
....### ##........#####
......#
##.....#.#######
....#.# #..............
###...# #....#.......[.
###..# #....#@w.......
### ######S........
#......... #...?..$..
#......... ##........
##....... #######


You could see a worm and a ball python.

Vanquished Creatures
  A hobgoblin (D:2)
  3 frilled lizards (D:2)
  A rat (D:2)
5 creatures vanquished.

Notes
Turn   | Place    | Note
-------+----------+-------------------------------------------
     0 | D:1      | cursedaero the Draconian Venom Mage began the quest for the
                  | Orb.
     0 | D:1      | Reached XP level 1. HP: 14/14 MP: 3/3
    86 | D:1      | Got the Octavo of Sinister Secrets and Conduction
   614 | D:2      | Slain by a ball python

Illustrated notes

Levels and vault maps discovered:
D:1:      sevenhm_arrival_forest_fort_large_2, layout_basic, minivault_5,
          st_stairs_3
D:2:      layout_rooms, hellmonk_ecumenical_altar_prayer_group

Skill      XL: |  1 |
---------------+----+-----
Dodging        | 2 |  2.0
Stealth        | |  1.7
Spellcasting   | |  2.0
Transmutations | |  1.0
Poison Magic   | |  3.1

Action                     || total
---------------------------++-------
  Melee: Club              ||    12
         Unarmed           ||    11
         Tailslap          ||     1
    Use: Scroll            ||     1
         Potion            ||     1
 Armour: Skin              ||     8
  Dodge: Dodged            ||    19

Table legend: (Time is in decaauts)
 A = Elapsed time spent in this place.
 B = Non-inter-level travel time spent in this place.
 C = Inter-level travel time spent in this place.
 D = Time resting spent in this place.
 E = Time spent auto-exploring this place.
 F = Levels seen in this place.
 G = Mean time per level.
                   A        B        C        D        E       F      G
               +--------+--------+--------+--------+--------+-----+--------+
         Total |    615 |    615 |      0 |    300 |     64 |   2 |  307.5 |
       Dungeon |    615 |    615 |      0 |    300 |     64 |   2 |  307.5 |
               +--------+--------+--------+--------+--------+-----+--------+

Top non-repeatable levels by time:
     D:2: 523 daAuts
     D:1: 92 daAuts
